Map: Romanticide LE

Players

A.I. 1 (Very Easy) - Winner!

  • Race: Zerg Zerg

Jaedolph

  • Race: Terran Terran
  • League: Master

VOD

Have the link to the VOD?

Description

Time

  • Played on: Sept. 24, 2021, 8:45 p.m.
  • Length: 9:25
Show
View Real Time Build Order
Export as new Build Order

A.I. 1 (Very Easy) Zerg - Winner!

Build Orders: Hatch First 

Get SALT Encoding   

  12  0:00  Drone  
  13  0:12  Overlord  
  13  0:16  Drone  
  14  0:42  Hatchery  
  13  0:45  Drone  
  14  1:03  Spawning Pool  
  13  1:04  Extractor  
  13  1:06  Drone  
  13  1:13  Drone  
  14  1:19  Overlord  
  14  1:50  Queen  
  14  1:51  Zergling x2  
  14  1:53  Zergling x2  
  18  1:57  Roach Warren  
  17  2:02  Drone  
  17  2:07  Extractor  
  17  2:12  Drone  
  18  2:16  Zergling x2  
  18  2:21  Drone  
  20  2:28  Drone  
  20  2:35  Zergling x2, Drone  
  22  2:42  Drone  
  23  2:49  Drone  
  24  2:57  Drone  
  25  3:04  Drone  
  26  3:11  Drone  
  27  3:16  Lair  
  27  3:45  Extractor, Overlord  
  26  3:49  Drone  
  27  3:56  Drone  
  28  4:03  Drone  
  29  4:10  Drone  
  29  4:13  Overseer  
  29  4:16  Spire, Overseer  
  29  4:17  Drone  
  30  4:24  Drone  
  31  4:32  Drone  
  32  4:39  Drone  
  32  4:41  Overlord  
  33  4:46  Drone  
  34  4:54  Drone  
  35  5:01  Drone  
  32  5:08  Zergling x2  
  32  5:09  Drone  
  30  5:16  Drone  
  28  5:23  Drone  
  24  5:30  Drone  
  24  5:37  Roach  
  24  5:38  Drone  
  26  5:45  Drone  
  26  5:52  Drone  
  27  5:59  Drone  
  28  6:05  Extractor, Zergling x2  
  28  6:06  Drone  
  29  6:14  Drone  
  30  6:21  Drone  
  31  6:28  Drone  
  32  6:35  Drone  
  33  6:42  Drone  
  33  6:45  Mutalisk  
  36  6:49  Drone  
  37  6:56  Drone  
  38  7:04  Drone  
  39  7:11  Drone  
  40  7:18  Drone  
  41  7:25  Drone  
  41  7:26  Mutalisk  
  44  7:32  Drone  
  44  7:33  Overlord  
  45  7:39  Drone  
  45  7:42  Overseer  
  46  7:52  Overlord, Drone  
  47  7:59  Drone  
  48  8:07  Drone  
  49  8:14  Drone  
  50  8:21  Drone  
Show
View Real Time Build Order
Export as new Build Order

Jaedolph Terran 

Build Orders: Liberator Opening, Reaper Expand 

Get SALT Encoding   

  12  0:00  SCV  
  13  0:12  SCV  
  14  0:17  Supply Depot  
  14  0:24  SCV  
  15  0:38  SCV  
  15  0:41  Barracks  
  16  0:44  Refinery  
  16  0:50  SCV  
  17  1:02  SCV  
  18  1:15  SCV  
  19  1:27  Orbital Command  
  19  1:28  Reaper  
  20  1:39  Command Center  
  20  1:47  Supply Depot  
  20  1:53  SCV  
  21  2:00  Marine  
  22  2:05  SCV  
  23  2:09  Refinery  
  23  2:11  Factory  
  23  2:15  Refinery  
  23  2:18  SCV  
  23  2:20  Barracks Reactor  
  24  2:30  SCV  
  25  2:45  SCV  
  27  2:52  Orbital Command  
  27  2:55  Starport  
  26  3:00  SCV  
  26  3:04  Hellion x2, Barracks Tech Lab  
  31  3:08  Supply Depot  
  31  3:14  SCV  
  31  3:18  SCV  
  33  3:26  Hellion x2  
  33  3:27  SCV  
  38  3:33  Liberator  
  40  3:39  SCV  
  41  3:41  Stimpack  
  41  3:47  Hellion x2  
  45  3:51  SCV, Supply Depot  
  45  3:53  SCV  
  47  4:03  SCV  
  47  4:05  SCV  
  49  4:12  Command Center  
  49  4:15  SCV  
  50  4:20  Barracks  
  50  4:25  Starport Reactor, Factory Tech Lab, Barracks  
  50  4:28  SCV  
  51  4:35  Supply Depot  
  51  4:36  SCV  
  52  4:41  Engineering Bay  
  52  4:44  Engineering Bay  
  52  4:45  SCV  
  53  4:50  Refinery  
  53  4:52  SCV  
  54  4:53  Refinery  
  54  4:57  Siege Tank  
  54  4:59  SCV  
  58  5:04  SCV  
  59  5:11  SCV  
  59  5:12  Terran Infantry Armor Level 1  
  60  5:16  SCV  
  60  5:19  Marine x2  
  63  5:23  SCV  
  63  5:26  Starport Reactor  
  63  5:27  Marine x2  
  63  5:28  Marine  
  66  5:29  Siege Tank  
  66  5:32  SCV  
  66  5:33  Terran Infantry Weapons Level 1  
  66  5:35  Orbital Command  
  71  5:37  Combat Shield  
  71  5:40  SCV  
  72  5:43  Supply Depot  
  72  5:44  Marine, SCV  
  72  5:45  Marine  
  72  5:47  Marine  
  72  5:48  Marine  
  72  5:49  Marine  
  78  5:52  SCV  
  78  5:56  SCV  
  80  5:59  Orbital Command  
  80  6:06  Marine x4  
  80  6:08  Armory, Siege Tank  
  80  6:09  Medivac  
  89  6:16  SCV  
  89  6:17  Marine  
  91  6:22  SCV  
  91  6:23  Supply Depot x2  
  91  6:24  Marine  
  93  6:32  Barracks  
  93  6:35  Barracks  
  93  6:44  Marine x5, SCV x3  
  93  6:45  Medivac x2  
  105  6:55  Supply Depot  
  105  6:56  SCV x2  
  105  6:57  Supply Depot, SCV  
  108  7:02  Marine  
  108  7:03  Supply Depot  
  109  7:08  Terran Infantry Armor Level 2  
  109  7:16  Marine x4  
  109  7:17  Siege Tank, SCV  
  109  7:18  Medivac x2  
  109  7:20  Marine, SCV  
  123  7:26  SCV, Supply Depot  
  123  7:27  Supply Depot  
  123  7:29  SCV, Barracks Reactor  
  125  7:31  Barracks Reactor  
  125  7:32  Barracks  
  125  7:33  Barracks  
  125  7:34  Marine  
  125  7:36  Barracks  
  126  7:38  Marine x3  
  126  7:39  Marine  
  131  7:44  SCV x3  
  133  7:52  Marine  
  133  7:53  Medivac x2  
  133  7:55  Marine  
  133  7:56  Marine x2  
  133  7:57  Marine  
  142  8:02  Supply Depot  
  142  8:09  Marine x4  
  142  8:10  Marine  
  147  8:13  Marine x2, Supply Depot  
  147  8:14  Supply Depot  
  147  8:19  Marine x2  
  151  8:20  Marine  
  151  8:24  Marine x2  
  151  8:25  Supply Depot  
  151  8:26  Supply Depot  
  151  8:27  Marine x4  
  154  8:28  Marine  
  154  8:29  Siege Tank  
  154  8:31  Medivac, Marine  
  165  8:34  Marine, Medivac  
  165  8:37  Marine  
  165  8:39  Marine x2  
  171  8:42  Marine x2  
  171  8:44  Marine  
  171  8:46  Marine x4  
  171  8:47  Supply Depot  
  178  8:49  Marine  
  178  8:50  Supply Depot  
  178  8:52  Marine  
  178  8:55  Marine  
  181  8:56  Marine x2  
  181  9:00  Marine x2  
  181  9:02  Marine  
  185  9:04  Marine x4  
  185  9:07  Marine  
  198  9:19  Factory, Refinery  
  198  9:23  Command Center  
Tags
 
Add a new tag
Caveats
  • Supply blocks, unpowered buildings, or Contaminate may cause inaccurate times.
  • Supply counts are checked every 10 seconds.